 Dungeon Crawl Stone Soup version 0.22-a0-126-g307c7c3 (webtiles) character file.

33 kuniqs the Caller (level 3, -1/25 HPs)
             Began as a Gnoll Summoner on Jan 30, 2018.
             Hit by a goblin thrown by Robin (3 damage)
             ... on level 2 of the Dungeon.
             The game lasted 00:02:23 (878 turns).

kuniqs the Caller (Gnoll Summoner)                   Turns: 878, Time: 00:02:23

Health: -1/25      AC:  3    Str: 10    XL:     3   Next: 29%
Magic:  4/9        EV: 17    Int: 18    God:
Gold:   115        SH:  0    Dex: 15    Spells: 9/12 levels left

rFire    . . .     SeeInvis .   l - +0 hunting sling
rCold    . . .     Gourm    .   (no shield)
rNeg     . . .     Faith    .   a - +0 robe
rPois    .         Spirit   .   h - +0 helmet
rElec    .         Reflect  .   (no cloak)
rCorr    .         Harm     .   (no gloves)
MR       .....                  (no boots)
Stlth    +++.......             (no amulet)
HPRegen  0.08/turn              m - +3 ring of evasion
MPRegen  0.11/turn              (no ring)

@: very slightly contaminated
A: distributed training, fangs 1, strong nose
a: no special abilities


You were on level 2 of the Dungeon.
You were not hungry.

You visited 1 branch of the dungeon, and saw 2 of its levels.

You collected 115 gold pieces.

Inventory:

Hand Weapons
 l - a +0 hunting sling (weapon)
Missiles
 j - 72 stones (quivered)
Armour
 a - a +0 robe (worn)
 h - a +0 helmet (worn)
Jewellery
 m - a +3 ring of evasion (left hand)
Scrolls
 e - a scroll of enchant armour {unknown}
 f - a scroll of identify {unknown}
 i - a scroll of amnesia {unknown}
Potions
 g - a potion of mutation {unknown}
 k - 2 potions of curing {unknown}
 n - a potion of heal wounds {unknown}
Books
 b - a book of Callings

   Spells                             Type                      Level
   a - Summon Small Mammal            Summoning                    1
   b - Call Imp                       Summoning                    2
   c - Call Canine Familiar           Summoning                    3
   d - Summon Guardian Golem          Hexes/Summoning              3
   e - Summon Lightning Spire         Summoning/Air                4
   f - Summon Ice Beast               Ice/Summoning                4
Comestibles
 c - 2 rations
 d - 6 chunks of flesh


   Skills:
 + Level 0.7 Fighting
 + Level 0.7 Short Blades
 + Level 0.7 Long Blades
 + Level 0.7 Axes
 + Level 0.7 Maces & Flails
 + Level 0.7 Polearms
 + Level 0.7 Staves
 + Level 0.7 Slings
 + Level 0.7 Bows
 + Level 0.7 Crossbows
 + Level 0.7 Throwing
 + Level 0.7 Armour
 + Level 4.5 Dodging
 + Level 4.1 Stealth
 + Level 0.7 Shields
 + Level 0.7 Unarmed Combat
 + Level 5.0 Spellcasting
 + Level 0.5 Conjurations
 + Level 0.5 Hexes
 + Level 0.5 Charms
 + Level 7.1 Summonings
 + Level 0.5 Necromancy
 + Level 0.5 Translocations
 + Level 0.5 Transmutations
 + Level 0.5 Fire Magic
 + Level 0.5 Ice Magic
 + Level 0.5 Air Magic
 + Level 0.5 Earth Magic
 + Level 0.5 Poison Magic
 + Level 0.9 Invocations
 + Level 0.7 Evocations


You had 9 spell levels left.
You knew the following spells:

 Your Spells              Type           Power        Failure   Level  Hunger
a - Summon Small Mammal   Summ           ####         1%          1    None
b - Call Imp              Summ           ####....     1%          2    #......


Dungeon Overview and Level Annotations

Branches:
Dungeon (2/15)

Altars:

Annotations:
D:2 Robin


Innate Abilities, Weirdness & Mutations

Your experience applies equally to all skills.
You have very sharp teeth.
Your uncanny sense of smell can sniff out nearby items.


Message History

Okay, then.
Firing (i - inventory)
j - 75 stones (quivered)
Aim: a goblin, wielding a dagger (severely wounded, unusually strong)
You shoot a stone. The stone hits the goblin.
You kill the goblin!
Robin throws the goblin at you! The goblin hits you with a club!
* * * LOW HITPOINT WARNING * * *
Your crimson imp blinks!
A goblin comes into view. It is wielding a dagger.
Firing (i - inventory)
j - 74 stones (quivered)
Aim: a goblin, wielding a club (unusually strong)
You shoot a stone. The stone misses the goblin.
Robin barely misses your crimson imp. The goblin barely misses you.
A hobgoblin comes into view. It is wielding a club.
Firing (i - inventory)
j - 73 stones (quivered)
Aim: a goblin, wielding a club (unusually strong)
You shoot a stone. The stone hits the goblin!
You kill the goblin!
Robin throws the goblin at you!
You die...

#..).# #.# #.####### #.##.#
#.####.## # #.##.# #.#5....#
. #.#..####...###.##
#.#.#.#...#.### #..#
#.#.#.#......#####.#
#.#.#.#...#........#
#h#.#.#...########## g
#.#h#5#.[..g@(555g.#####....
#.#.#.#....#######gg)(.)....
#.#.#.#........# ###########
# #.#.....###### #.####### ∆
∆


You could see Robin, a hobgoblin, 2 goblins, 2 friendly crimson imps and a
friendly white imp.

Vanquished Creatures
  A leopard gecko (D:2)
  2 giant cockroaches (D:1)
  4 goblins
  2 hobgoblins (D:1)
  3 kobolds (D:1)
  A ball python (D:1)
  2 bats (D:1)
  2 frilled lizards
17 creatures vanquished.

Vanquished Creatures (collateral kills)
  An adder (D:2)
  4 hobgoblins
  4 jackals (D:1)
  2 bats (D:1)
  2 goblins
13 creatures vanquished.

Grand Total: 30 creatures vanquished

Notes
Turn   | Place    | Note
-------+----------+-------------------------------------------
     0 | D:1      | kuniqs the Gnoll Summoner began the quest for the Orb.
     0 | D:1      | Reached XP level 1. HP: 13/13 MP: 6/6
   370 | D:1      | Reached XP level 2. HP: 19/19 MP: 3/7
   388 | D:1      | Learned a level 2 spell: Call Imp
   733 | D:2      | Reached XP level 3. HP: 25/25 MP: 3/9
   739 | D:2      | Reached skill level 5 in Spellcasting
   858 | D:2      | Noticed Robin
   878 | D:2      | Hit by a goblin thrown by Robin

Vault maps used:
D:1:      evilmike_arrival_plus
D:2:      chequers_ecumenical_altar_simple_redux, serial_co_window_serial,
          co_window_of_opportunity_a, co_window_cross_1, co_window_paths_a,
          co_window_paths_a, co_window_paths_a, co_window_broadway_c,
          co_window_corner_b, co_window_paths_c, co_window_corner_cb,
          co_window_broadway_c, co_window_broadway_b, co_window_cross_2,
          glass_columns_c, st_stairs_12, kennysheep_generic_room_4, uniq_robin

Skill      XL: |  1  2  3 |
---------------+----------+-----
Spellcasting   | 5 |  5.0
Fighting       | |  0.7
Short Blades   | |  0.7
Long Blades    | |  0.7
Axes           | |  0.7
Maces & Flails | |  0.7
Polearms       | |  0.7
Staves         | |  0.7
Slings         | |  0.7
Bows           | |  0.7
Crossbows      | |  0.7
Throwing       | |  0.7
Armour         | |  0.7
Dodging        | |  4.5
Stealth        | |  4.1
Shields        | |  0.7
Unarmed Combat | |  0.7
Conjurations   | |  0.5
Hexes          | |  0.5
Charms         | |  0.5
Summonings     | |  7.1
Necromancy     | |  0.5
Translocations | |  0.5
Transmutations | |  0.5
Fire Magic     | |  0.5
Ice Magic      | |  0.5
Air Magic      | |  0.5
Earth Magic    | |  0.5
Poison Magic   | |  0.5
Invocations    | |  0.9
Evocations     | |  0.7

Action                   || total
-------------------------++-------
Melee: Dagger            ||    13
       Unarmed           ||     2
       Short sword       ||     8
       Bite              ||     4
 Fire: Hunting sling     ||    17
 Cast: Summon Small Mamm ||    12
       Call Imp          ||     6
 Stab: Sleeping          ||     4
Armor: Robe              ||    10
Dodge: Dodged            ||    21

Table legend:
 A = Spawn XP
 B = Non-spawn XP
 C = Spawn XP percentage of total XP
 D = Spawn monster count
 E = Non-spawn monster count
 F = Spawn count percentage of total count
 G = Total turns spent on level
                    A         B        C        D         E        F      G
               +---------+---------+-------+---------+---------+-------+---------
         Total |       0 |      48 |   0.0 |       0 |      30 |   0.0 |   878
               +---------+---------+-------+---------+---------+-------+---------
           D:1 |       0 |      27 |   0.0 |       0 |      21 |   0.0 |   728
           D:2 |       0 |      21 |   0.0 |       0 |       9 |   0.0 |   150
               +---------+---------+-------+---------+---------+-------+---------
